Map: Congelamento ER

Players

TheZergLord - Winner!

  • Race: Zerg Zerg
  • League: Grandmaster

zuka

  • Race: Protoss Protoss
  • League: Master

VOD

Have the link to the VOD?

Description

Time

  • Played on: May 28, 2016, 7:05 a.m.
  • Length: 4:51
Show
View Real Time Build Order
Export as new Build Order

TheZergLord Zerg - Winner!

Build Orders: Hatch First 

Get SALT Encoding   

  12  0:01  Drone  
  13  0:13  Overlord  
  13  0:17  Drone  
  14  0:32  Drone x2  
  16  0:35  Drone  
  17  1:00  Drone  
  17  1:01  Drone  
  19  1:07  Hatchery  
  19  1:10  Extractor  
  17  1:15  Spawning Pool  
  16  1:19  Drone  
  16  1:22  Drone  
  18  1:28  Drone  
  19  1:40  Overlord  
  19  1:51  Drone  
  20  2:02  Queen  
  20  2:03  Zergling x2  
  23  2:14  Drone  
  24  2:18  Metabolic Boost  
  24  2:22  Queen  
  24  2:24  Drone x2  
  28  2:33  Drone x2  
  30  2:47  Hatchery  
  30  2:49  Overlord  
  29  2:52  Drone  
  29  2:53  Drone  
  31  3:03  Drone x2  
  31  3:05  Drone  
  34  3:13  Baneling Nest  
  34  3:16  Drone x3  
  34  3:18  Zergling x2  
  37  3:21  Zergling x2  
  37  3:26  Zergling x2  
  39  3:31  Zergling x2  
  40  3:35  Overlord x2  
  40  3:55  Zergling x8  
  44  3:56  Zergling x6  
  44  4:01  Zergling x2  
  48  4:04  Baneling  
  48  4:05  Baneling x5  
  48  4:09  Queen  
  48  4:11  Zergling x10  
  55  4:17  Zergling x6  
  58  4:30  Spore Crawler  
  58  4:31  Spore Crawler  
  55  4:37  Drone x6  
  58  4:41  Spore Crawler  
Show
View Real Time Build Order
Export as new Build Order

zuka Protoss 

Build Orders: 1 Gate Expand 

Get SALT Encoding   

  12  0:01  Probe (Chrono Boost)  
  13  0:11  Probe (Chrono Boost)  
  14  0:17  Pylon  
  14  0:22  Probe (Chrono Boost)  
  16  0:35  Probe (Chrono Boost)  
  16  0:39  Gateway  
  16  0:46  Probe (Chrono Boost)  
  16  0:48  Assimilator  
  17  0:56  Probe (Chrono Boost)  
  18  1:07  Probe (Chrono Boost)  
  19  1:18  Probe (Chrono Boost)  
  20  1:29  Nexus  
  20  1:31  Probe (Chrono Boost)  
  21  1:38  Assimilator  
  21  1:42  Probe (Chrono Boost)  
  22  1:53  Cybernetics Core  
  23  1:56  Pylon  
  23  2:00  Probe (Chrono Boost)  
  23  2:14  Probe (Chrono Boost), Zealot  
  26  2:25  Probe (Chrono Boost)  
  26  2:26  Pylon  
  27  2:31  Warp Gate (Chrono Boost)  
  27  2:35  Probe  
  28  2:41  Stalker  
  30  2:45  Probe  
  30  2:48  Mothership Core  
  33  2:55  Probe  
  34  3:06  Probe  
  34  3:10  Probe  
  34  3:11  Adept  
  38  3:14  Stargate  
  38  3:18  Stargate, Probe  
  39  3:22  Probe  
  40  3:28  Probe  
  40  3:31  Pylon  
  41  3:34  Probe  
  41  3:39  Probe  
  43  3:41  Assimilator  
  43  3:43  Assimilator  
  43  3:46  Probe  
  44  3:50  Probe  
  45  3:58  Probe  
  45  4:00  Probe  
  47  4:07  Oracle (Chrono Boost)  
  50  4:10  Probe  
  50  4:11  Oracle (Chrono Boost)  
  50  4:12  Probe  
  55  4:22  Pylon  
  55  4:23  Probe  
  56  4:24  Probe  
  57  4:33  Pylon  
  53  4:44  Pylon  
  53  4:45  Pylon  
Tags
 
Add a new tag
Caveats
  • Supply blocks, unpowered buildings, or Contaminate may cause inaccurate times.
  • Supply counts are checked every 10 seconds.